 Dungeon Crawl Stone Soup version 0.29.1-15-g9cfb28693d (webtiles) character file.

Game seed: 11356263999133079402

11217 nightchill the Slicer (level 11, -2/62 HPs)
             Began as a Vine Stalker Brigand on Mar 6, 2023.
             Was a Follower of Uskayaw.
             Slain by a cane toad (4 damage)
             ... on level 9 of the Dungeon.
             The game lasted 00:26:14 (9589 turns).

nightchill the Slicer (Vine Stalker Brigand)        Turns: 9589, Time: 00:26:15

Health: -2/62      AC: 14    Str: 16    XL:     11   Next: 74%
Magic:  0/17       EV: 10    Int: 11    God:    Uskayaw [*.....]
Gold:   719        SH:  0    Dex: 18    Spells: 10/10 levels left

rFire   . . .      SeeInvis .   a - +2 dagger (flame)
rCold   + . .      Faith    .   (no shield)
rNeg    . . .      Spirit   +   B - +0 swamp dragon scales
rPois   +          Reflect  .   (no helmet)
rElec   .          Harm     .   h - +0 cloak
rCorr   .          Rampage  .   t - +0 pair of gloves
Will    +....                   g - +0 pair of boots
Stlth   ++........              u - amulet of the acrobat
HPRegen 1.00/turn               p - ring of protection from cold
MPRegen 0.15/turn               r - +4 ring of protection

@: no status effects
A: fangs 3, regeneration 1, magic shield, antimagic bite, no potion heal 2
a: Renounce Religion, Stomp


You were on level 9 of the Dungeon.
You worshipped Uskayaw.
Uskayaw was noncommittal.
You visited 3 branches of the dungeon, and saw 11 of its levels.

You collected 719 gold pieces.

Inventory:

Hand Weapons
 a - a +2 dagger of flaming (weapon)
 s - a +2 dagger
 y - a +0 rapier
Missiles
 d - 18 poisoned darts (quivered)
 e - 5 curare-tipped darts
 o - a throwing net
 M - 6 datura-tipped darts
Armour
 g - a +0 pair of boots (worn)
 h - a +0 cloak (worn)
 t - a +0 pair of gloves (worn)
 B - +0 swamp dragon scales (worn)
Magical Staves
 L - a staff of air
Jewellery
 p - a ring of protection from cold (left hand)
 r - a +4 ring of protection (right hand)
 u - an amulet of the acrobat (around neck)
Wands
 k - a wand of paralysis (9)
 x - a wand of iceblast (30)
 N - a wand of mindburst (2)
Scrolls
 b - 3 scrolls of teleportation {unknown}
 c - a scroll of immolation {unknown}
 f - 4 scrolls of fear {unknown}
 i - 6 scrolls of vulnerability
 m - 2 scrolls of butterflies {unknown}
 n - 6 scrolls of magic mapping
 A - 2 scrolls of brand weapon {unknown}
 E - a scroll of blinking {unknown}
 H - a scroll of silence {unknown}
 J - a scroll of amnesia {unknown}
 K - a scroll of poison {unknown}
Potions
 j - 3 potions of curing
 l - 3 potions of resistance
 q - 2 potions of attraction
 v - 2 potions of might
 w - a potion of ambrosia
 z - 3 potions of flight
 C - a potion of mutation
 D - 4 potions of brilliance
 F - 2 potions of lignification
 I - 2 potions of haste


   Skills:
 + Level 9.2 Fighting
 * Level 12.8 Short Blades
 - Level 1.7 Throwing
 - Level 0.7 Dodging
 - Level 4.8 Stealth
 + Level 6.7 Invocations


You had 10 spell levels left.
You didn't know any spells.
Your spell library contained the following spells:

 Spells                   Type           Power      Damage    Failure   Level
 Magic Dart               Conj           0%         1d3       56%         1
 Call Imp                 Summ           0%         N/A       71%         2
 Ensorcelled Hibernation  Hex/Ice        0%         N/A       71%         2
 Passwall                 Tmut/Erth      0%         N/A       71%         2
 Conjure Flame            Conj/Fire      0%         6-21      90%         3
 Gell's Gravitas          Tloc           0%         N/A       90%         3
 Ignite Poison            Fire/Tmut/Pois 0%         N/A       90%         3
 Mephitic Cloud           Conj/Pois/Air  0%         N/A       90%         3
 Swiftness                Air            0%         N/A       90%         3
 Teleport Other           Tloc           0%         N/A       90%         3
 Sticky Flame             Conj/Fire      0%         2d3       100%        4
 Fireball                 Conj/Fire      0%         3d3       100%        5
 Freezing Cloud           Conj/Ice/Air   0%         6-21      100%        5
 Iskenderun's Battlesphe  Conj           0%         2d6       100%        5
 Conjure Ball Lightning   Conj/Air       0%         3x3d6     100%        6
 Dispersal                Tloc           0%         N/A       100%        6
 Orb of Destruction       Conj           0%         9d5       100%        7


Dungeon Overview and Level Annotations

Branches:
Dungeon (9/15)             Temple (1/1) D:7            Lair (1/5) D:9
    Orc: D:9-12

Altars:
Ashenzari
Cheibriados
Dithmenos
Elyvilon
Fedhas
Gozag
Hepliaklqana
Kikubaaqudgha
Nemelex Xobeh
Okawaru
Qazlal
Ru
Sif Muna
Trog
Uskayaw
Vehumet
Wu Jian
Xom
Yredelemnul
Zin
The Shining One

Shops:
D:5 :   D:8 (

Annotations:
D:2 exclusion: downstairs
D:3 3 runed translucent doors, fakeacct's ghost, amateur HuBe
D:7 exclusion: downstairs
D:8 Pikel
D:9 exclusions: centaur and 2 doors


Innate Abilities, Weirdness & Mutations

You have razor-sharp teeth.
Your natural rate of healing is unusually fast.
When hurt, damage is shared between your health and your magic reserves.
Your bite disrupts and absorbs the magic of your enemies.
Potions cannot restore your health.


Message History

You climb upwards.
Welcome back to the Dungeon!
Level annotation: exclusions: centaur and 2 doors
There is a staircase to the Lair, spattered with blood here.
You barely miss the bullfrog. Your bite misses the bullfrog.
The bullfrog hits you but does no damage.
The cane toad completely misses you.
You hit the bullfrog. You burn the bullfrog. You bite the bullfrog!
You drain its power.
You feel invigorated.
The bullfrog is heavily wounded.
The bullfrog hits you.
* * * LOW HITPOINT WARNING * * *
You barely miss the bullfrog.
The bullfrog is heavily wounded.
The cane toad stings you.
* * * LOW HITPOINT WARNING * * *
You hit the bullfrog. You burn the bullfrog. You bite the bullfrog.
You drain its power.
You feel invigorated.
The bullfrog is almost dead.
The bullfrog hits you but does no damage.
You hit the bullfrog. You burn the bullfrog.
You kill the bullfrog!
The cane toad stings you but does no damage.
You barely miss the cane toad. The cane toad stings you!
* * * LOW HITPOINT WARNING * * *
You are lethally poisoned!
The cane toad poisons you!
You hit the cane toad but do no damage.
You bite the cane toad, but do no damage.
* * * LOW HITPOINT WARNING * * *
You feel very sick.
You hit the cane toad but do no damage.
* * * LOW HITPOINT WARNING * * *
You feel very sick.
The cane toad stings you but does no damage.
You closely miss the cane toad.
* * * LOW HITPOINT WARNING * * *
You feel sick.
Your system rejects the healing.
You feel better. The cane toad barely misses you. The cane toad stings you!
You die...

##.†...........####.......#
######........# #.......#
#....)...# #.......#
#........# #...)...#
#######.## #####)### #....#
#.).# #.#### ######'##
#####'##### ###.......#
#.......#@# #.'.......#
#.......F†###.#.......#
########.....>.####..#..†....#
#......'.......'....##.......#
..######.......#######.......#
### ##'###### ######+## #.#
###.# ##.# #...# #..#
#####+###


You could see a cane toad.

Vanquished Creatures
  A two-headed ogre (D:8)
  Amaemon (D:8)
  An orange demon (D:7)
  Joseph (D:7)
  2 cane toads
  2 unseen horror zombies (D:8)
  2 komodo dragons (Lair:1)
  Maggie (D:8)
  A blink frog (Lair:1)
  A wyvern (D:7)
  21 yaks (D:9)
  2 wraiths (D:9)
  A shadow (D:8)
  A steam dragon (D:6)
  4 water moccasins
  An acid dragon (D:9)
  An orc warrior (D:9)
  A sky beast (D:7)
  2 black bears
  An ogre (D:5)
  4 centaurs
  A phantom (D:6)
  4 bullfrogs
  A wyvern zombie (D:8)
  A gnoll sergeant (D:7)
  2 scorpions
  7 wights
  7 killer bees (D:9)
  3 howler monkeys
  9 orc priests
  2 centaur zombies (D:8)
  4 hounds
  2 jellies
  2 orc wizards
  5 iguanas
  A killer bee zombie (D:8)
  13 gnolls
  2 howler monkey zombies (D:8)
  9 adders
  4 white imps
  4 ufetubi
  2 worms
  2 dart slugs
  12 orcs
  9 endoplasms
  2 giant cockroaches
  8 goblins
  11 hobgoblins
  11 jackals
  7 kobolds
  2 quokkas
  7 ball pythons
  5 bats
  4 frilled lizards (D:2)
  6 rats
223 creatures vanquished.

Vanquished Creatures (others)
  6 plants
  5 toadstools (D:3)
11 creatures vanquished.

Grand Total: 234 creatures vanquished

Notes
Turn   | Place    | Note
-------+----------+-------------------------------------------
     0 | D:1      | nightchill the Vine Stalker Brigand began the quest for the
                  | Orb.
     0 | D:1      | Reached XP level 1. HP: 11/11 MP: 2/2
    50 | D:1      | Reached skill level 2 in Short Blades
   188 | D:1      | Reached XP level 2. HP: 15/15 MP: 3/3
   414 | D:1      | Reached XP level 3. HP: 14/18 MP: 4/4
  1085 | D:2      | Reached skill level 3 in Short Blades
  1374 | D:2      | Gained mutation: Your natural rate of healing is unusually
                  | fast. [Vine Stalker growth]
  1374 | D:2      | Reached XP level 4. HP: 23/23 MP: 5/5
  1635 | D:2      | Found a faded altar of an unknown god.
  1892 | D:3      | Noticed fakeacct's ghost (amateur HuBe)
  1893 | D:3      | Found a runed translucent gate.
  1893 | D:3      | Found a runed translucent gate.
  1901 | D:3      | Noticed a centaur
  1914 | D:3      | Killed a centaur
  1915 | D:3      | Reached skill level 4 in Short Blades
  1915 | D:3      | Reached XP level 5. HP: 14/28 MP: 4/6
  2064 | D:3      | Reached XP level 6. HP: 32/32 MP: 7/7
  2155 | D:3      | Found a runed translucent gate.
  2201 | D:3      | Reached skill level 5 in Short Blades
  2413 | D:3      | Found a shimmering blue altar of Sif Muna.
  2544 | D:3      | Found a hide-covered altar of Uskayaw.
  2616 | D:3      | Found an opulent altar of Gozag.
  2619 | D:3      | Found a shadowy altar of Dithmenos.
  2621 | D:3      | Found a bloodstained altar of Trog.
  2890 | D:4      | Found an ornate altar of the Wu Jian Council.
  2939 | D:4      | Found a hazy altar of Hepliaklqana.
  3602 | D:5      | Entered Level 5 of the Dungeon
  3636 | D:5      | Reached XP level 7. HP: 21/37 MP: 4/8
  3881 | D:5      | Reached skill level 6 in Short Blades
  4300 | D:4      | Gained mutation: You have razor-sharp teeth. [Vine Stalker
                  | growth]
  4300 | D:4      | Reached XP level 8. HP: 26/42 MP: 9/9
  4392 | D:5      | Found Bosene's Vocational Training.
  4432 | D:6      | Reached skill level 5 in Fighting
  4432 | D:6      | Reached skill level 7 in Short Blades
  4709 | D:6      | Reached skill level 8 in Short Blades
  5009 | D:6      | Reached XP level 9. HP: 48/48 MP: 10/10
  5348 | D:7      | Noticed Joseph
  5402 | D:7      | Killed Joseph
  5403 | D:7      | Reached skill level 9 in Short Blades
  5495 | D:7      | Found a staircase to the Ecumenical Temple.
  5506 | Temple   | Entered the Ecumenical Temple
  6079 | D:3      | Became a worshipper of Uskayaw the Reveller
  6279 | D:7      | Reached * piety under Uskayaw
  6281 | D:7      | Reached ** piety under Uskayaw
  6637 | D:7      | Reached *** piety under Uskayaw
  6642 | D:7      | Reached **** piety under Uskayaw
  6645 | D:7      | Reached skill level 1 in Invocations
  6921 | D:8      | Noticed Maggie
  6924 | D:8      | Killed Maggie
  6925 | D:8      | Reached skill level 10 in Short Blades
  6950 | D:8      | Noticed an orange demon
  6981 | D:7      | Killed an orange demon
  7019 | D:8      | Noticed Amaemon
  7035 | D:8      | Found a stormy altar of Qazlal.
  7076 | D:8      | Killed Amaemon
  7077 | D:8      | Reached XP level 10. HP: 55/55 MP: 11/13
  7238 | D:8      | Noticed Pikel
  7386 | D:8      | Found a basalt altar of Yredelemnul.
  7446 | D:8      | Reached skill level 11 in Short Blades
  7453 | D:8      | Reached ***** piety under Uskayaw
  7540 | D:8      | Found Irhitey's Antique Weapon Shop.
  7661 | D:8      | Noticed a two-headed ogre
  7674 | D:8      | Killed a two-headed ogre
  8272 | D:9      | Found a staircase to the Lair.
  8301 | D:9      | Reached skill level 5 in Invocations
  8424 | D:9      | Reached XP level 11. HP: 60/60 MP: 15/15
  8432 | D:9      | Reached skill level 12 in Short Blades
  8687 | D:9      | Reached ****** piety under Uskayaw
  9216 | Lair:1   | Entered Level 1 of the Lair of Beasts
  9587 | D:9      | HP: 2/62 [poisoned by a cane toad]
  9589 | D:9      | Slain by a cane toad

Illustrated notes

Levels and vault maps discovered:
D:1:      zaba_arrival_water, layout_basic
D:2:      layout_rooms, shapermc_ecumenical_altar_mp_highgroup
D:3:      layout_basic, mainiacjoe_overflow_concentric_impassable,
          nicolae_overflow_hidden_temple, gammafunk_ghost_split,
          grunt_decor_mini_mirrors, minmay_gold_behind_fungi,
          kennysheep_orc_chapel
D:4:      layout_loops_ring, kennysheep_little_box, lemuel_crystal_altar
D:5:      layout_rooms, nicolae_shop_vocational
D:6:      layout_loops_ring, serial_bayou_crossing
D:7:      layout_basic, temple_pool_b, dk_rats_in_the_wall, uniq_joseph
D:8:      layout_rooms, kennysheep_mini, nicolae_yredelemnul_corpse_copse,
          serial_shops, nicolae_shop_hallway_stairs, uniq_amaemon, uniq_pikel,
          uniq_maggie
D:9:      layout_roguey, lair_entry_dummy
Temple:   minmay_temple_forest_path
Lair:1:   layout_hall_layers

Skill      XL: |  1  2  3  4  5  6  7  8  9 10 11 |
---------------+----------------------------------+-----
Short Blades   | 2 3 4 5 6 8 10 11 12 | 12.8
Fighting       | 2 3 4 6 7 8 9 |  9.2
Invocations    | 3 5 6 |  6.7
Throwing       | |  1.7
Dodging        | |  0.7
Stealth        | |  4.8

Action                   |  1- 3 |  4- 6 |  7- 9 | 10-12 || total
-------------------------+-------+-------+-------+-------++-------
Melee: Dagger            |   102 |   183 |   372 |   439 ||  1096
       Bite              |    24 |    51 |   120 |   174 ||   369
       Punch             |       |     3 |     4 |     7 ||    14
Invok: Line Pass         |       |       |     3 |     3 ||     6
       Stomp             |       |       |     1 |       ||     1
       Grand Finale      |       |       |       |     1 ||     1
  Use: Scroll            |       |     5 |     1 |     8 ||    14
       Potion            |       |       |     1 |     3 ||     4
 Stab: Sleeping          |    10 |    11 |     4 |     1 ||    26
       Paralysed         |       |       |     1 |     7 ||     8
       Confused          |       |       |     1 |     2 ||     3
Armor: Robe              |     7 |       |       |       ||     7
       Ring mail         |    16 |    64 |   103 |       ||   183
       Skin              |       |       |    41 |       ||    41
       Swamp dragon scal |       |       |     2 |   150 ||   152
Dodge: Dodged            |    47 |    82 |   147 |   213 ||   489
